 Dungeon Crawl Stone Soup version 0.18.1-47-g9310371 (webtiles) character file.

111 Shtopit the Charmwright (level 4, -13/27 HPs)
             Began as a Gargoyle Skald on June 18, 2016.
             Was an Initiate of Okawaru.
             Mangled by an ogre
             ... wielding a +0 giant spiked club
              (15 damage)
             ... on level 4 of the Dungeon.
             The game lasted 00:04:55 (2269 turns).

Shtopit the Charmwright (Gargoyle Skald)            Turns: 2269, Time: 00:04:56

Health: -13/27     AC: 14    Str: 17    XL:     4   Next: 92%
Magic:  7/7        EV:  5    Int: 12    God:    Okawaru [......]
Gold:   83         SH:  0    Dex:  9    Spells: 1 memorised, 6 levels left

rFire  . . .     SeeInvis .     a - +0 mace
rCold  . . .     Gourm    .     f - +0 plate armour
rNeg   + . .     Faith    .     (no shield)
rPois  ∞         Spirit   .     (no helmet)
rElec  +         Dismiss  .     (no cloak)
rCorr  .         Reflect  .     (no gloves)
SustAt .         Harm     .     (no boots)
MR     .....                    (no amulet)
Stlth  ..........               (no ring)
                                (no ring)

@: not resistant to hostile enchantments, extremely unstealthy
A: negative energy resistance 1, electricity resistance, unbreathing,
petrification resistance, rot immunity, AC +3
a: Renounce Religion


You were on level 4 of the Dungeon.
You worshipped Okawaru.
Okawaru was noncommittal.
You were hungry.

You visited 1 branch of the dungeon, and saw 4 of its levels.

You collected 83 gold pieces.

Inventory:

Hand Weapons
 a - a +0 mace (weapon)
Missiles
 j - 20 bolts
Armour
 b - a +0 leather armour
 f - a +0 plate armour (worn)
Jewellery
 g - a +4 ring of intelligence {unknown}
Scrolls
 e - 2 scrolls of fear {unknown}
 h - 6 scrolls of enchant armour {unknown}
 i - a scroll of teleportation {unknown}
 l - 5 scrolls of identify {unknown}
 r - a scroll of remove curse {unknown}
 u - a scroll of noise {unknown}
 x - a scroll of fog {unknown}
Potions
 k - a potion of might {unknown}
 m - a potion of curing {unknown}
 n - a potion of cure mutation {unknown}
 t - a potion of heal wounds {unknown}
 w - a potion of mutation {unknown}
Books
 c - a book of Battle

   Spells                             Type                      Level
   a - Infusion                       Charms                       1
   b - Shroud of Golubria             Charms/Translocation         2
   c - Song of Slaying                Charms                       2
   d - Spectral Weapon                Hexes/Charms                 3
   e - Regeneration                   Charms/Necromancy            3
Comestibles
 d - 2 bread rations
 o - a slice of pizza
 p - a meat ration
 q - 3 fruits
 s - a beef jerky


   Skills:
 + Level 2.9 Fighting
 + Level 2.4 Maces & Flails
 * Level 2.8 Armour
 + Level 1.0 Dodging
 + Level 0.2 Stealth
 + Level 2.3 Spellcasting
 + Level 3.3 Charms


You had 6 spell levels left.
You knew the following spells:

 Your Spells              Type           Power        Failure   Level  Hunger
a - Infusion              Chrm           #...         100%        1    ##.....


Dungeon Overview and Level Annotations

Branches:
Dungeon (4/15)
 Temple: D:4-7

Altars:
Okawaru

Annotations:
D:3 Grinder


Innate Abilities, Weirdness & Mutations

You are resistant to torment.
Your stone body is resilient (AC +3).
You are immune to poison.
You resist negative energy.
You are resistant to electric shocks.
You can survive without breathing.
You are immune to petrification.
You are immune to rotting.


Message History

The ogre is lightly wounded.
The ogre hits you but does no damage.
You hit the ogre.
The ogre is moderately wounded.
The ogre hits you with a giant spiked club.
You barely miss the ogre.
The ogre is moderately wounded.
The ogre hits you but does no damage.
You hit the ogre.
The ogre is heavily wounded.
The ogre hits you but does no damage.
You hit the ogre.
The ogre is heavily wounded.
The ogre hits you with a giant spiked club!
* * * LOW HITPOINT WARNING * * *
You hit the ogre.
The ogre is severely wounded.
The ogre hits you with a giant spiked club!
Ouch! That really hurt!
You die...

... ... ..# #.# #.#
#.# #.# ..# #.# #.#
#.# #.# #.#
#####.######<#
#..O@........#
........###.########
.≈≈≈≈≈### #.# +####≈
..# # ####


You could see an ogre.

Vanquished Creatures
  3 gnolls (D:2)
  5 adders
  An ooze (D:2)
  2 giant geckos
  2 orcs (D:2)
  6 bats
  4 giant cockroaches
  A goblin (D:1)
  3 hobgoblins
  4 kobolds
  3 rats
34 creatures vanquished.

Notes
Turn   | Place    | Note
--------------------------------------------------------------
     0 | D:1      | Shtopit the Gargoyle Skald began the quest for the Orb.
     0 | D:1      | Reached XP level 1. HP: 12/12 MP: 3/3
   569 | D:1      | Reached XP level 2. HP: 15/17 MP: 5/5
   578 | D:1      | Reached skill level 3 in Charms
   917 | D:2      | Reached skill level 1 in Dodging
   917 | D:2      | Reached XP level 3. HP: 18/22 MP: 6/6
  1412 | D:2      | Found an iron altar of Okawaru.
  1427 | D:2      | Reached XP level 4. HP: 23/27 MP: 7/7
  1481 | D:2      | Became a worshipper of Warmaster Okawaru
  1976 | D:3      | Noticed Grinder
  1988 | D:3      | Paralysed by Grinder for 5 turns
  2253 | D:4      | Noticed an ogre
  2269 | D:4      | Mangled by an ogre

Skill      XL: |  1  2  3 |
---------------+----------+-----
Charms         | 3 |  3.3
Dodging        | 1 |  1.0
Armour         | 2 |  2.8
Fighting       | |  2.9
Maces & Flails | |  2.4
Stealth        | |  0.2
Spellcasting   | |  2.3

Action                   |  1- 3 |  4- 6 || total
-------------------------+-------+-------++-------
Melee: Mace              |   128 |    99 ||   227
  Eat: Chunk             |     2 |     2 ||     4
Armor: Plate armour      |   174 |   141 ||   315
Dodge: Dodged            |    47 |    46 ||    93
